 Dungeon Crawl Stone Soup version 0.31-a0-408-gb642c7f9a3 (webtiles) character file.

Game seed: 11903540806810266655

456 Vomitron the Sneak (level 7, -1/41 HPs)
             Began as an Octopode Earth Elementalist on July 29, 2023.
             Slain by an iguana (2 damage)
             ... on level 3 of the Dungeon.
             The game lasted 00:07:53 (3415 turns).

Vomitron the Sneak (Octopode Earth Elementalist)    Turns: 3415, Time: 00:07:54

Health: -1/41      AC:  1    Str:  7    XL:     7   Next: 6%
Magic:  5/12       EV: 13    Int: 19    God:
Gold:   254        SH:  0    Dex: 13    Spells: 8/12 levels left

rFire   . . .        s - +3 dagger (speed)
rCold   . . .        (no shield)
rNeg    . . .        (helmet restricted)
rPois   .            (no amulet)
rElec   .            i - +4 ring of slaying
rCorr   .            (no ring)
SInv    .            (no ring)
Will    .....        (no ring)
Stlth   ++++         (no ring)
HPRegen 0.26/turn    (no ring)
MPRegen 0.13/turn    (no ring)
                     (no ring)

%: no passive effects
@: no status effects
A: almost no armour, amphibious, 8 rings, camouflage 1, gelatinous body 1,
(nimble swimmer 1), tentacles
a: no special abilities


You were on level 3 of the Dungeon.
You visited 1 branch of the dungeon, and saw 4 of its levels.
You also visited: Sewer.

You collected 254 gold pieces.

Inventory:

Hand Weapons
 d - a +0 dagger
 k - a +0 falchion
 s - a +3 dagger of speed (weapon)
Missiles
 h - 9 poisoned darts
Armour
 o - a +1 buckler
Jewellery
 i - a +4 ring of slaying (left tentacle)
Wands
 b - a wand of flame (18)
Scrolls
 e - 3 scrolls of identify
 f - a scroll of torment
 g - 4 scrolls of teleportation
 j - a scroll of enchant weapon
 l - a scroll of enchant armour
 q - a scroll of revelation
Potions
 a - a potion of magic
 c - a potion of resistance {unknown}
 n - a potion of degeneration
 r - 2 potions of heal wounds


   Skills:
 - Level 2.5 Dodging
 + Level 5.2 Stealth
 + Level 1.0 Shields
 + Level 3.4 Spellcasting
 + Level 2.4 Conjurations
 - Level 1.0 Transmutations
 + Level 5.1 Earth Magic


You had 8 spell levels left.
You knew the following spells:

 Your Spells              Type           Power      Damage    Failure   Level
a - Sandblast             Erth           46%        2d11      1%          1
b - Stone Arrow           Conj/Erth      34%        3d9       10%         3

Your spell library contained the following spells:

 Spells                   Type           Power      Damage    Failure   Level
 Passwall                 Tmut/Erth      12%        N/A       6%          2
 Freeze                   Ice            12%        1d3       14%         1
 Poisonous Vapours        Pois/Air       6%         N/A       22%         2
 Hailstorm                Conj/Ice       7%         3d4       26%         3
 Mephitic Cloud           Conj/Pois/Air  6%         N/A       32%         3
 Petrify                  Tmut/Erth      15%        N/A       38%         4
 Frozen Ramparts          Ice            6%         1d1       41%         3
 Ozocubu's Armour         Ice            3%         N/A       41%         3
 Freezing Cloud           Conj/Ice/Air   3%         6-21      96%         5
 Ozocubu's Refrigeration  Ice            1%         4d7       100%        7


Dungeon Overview and Level Annotations

Branches:
Dungeon (4/15)              Sewer (visited)
 Temple: D:4-7

Altars:
Ru

Shops:
D:1 =   D:3 :


Innate Abilities, Weirdness & Mutations

You cannot wear most types of armour.
You are amphibious.
You can wear up to eight rings at the same time.
Your skin changes colour to match your surroundings (Stealth+).
Your rubbery body absorbs attacks. (AC +1, EV +1)
((You are camouflaged when in or above water. (Stealth+)))
You have tentacles for arms and can constrict up to eight enemies at once.


Message History

You destroy the phantom!
Your Stealth skill increases to level 5!
Your Shields skill increases to level 1!
You have reached level 7!
You enter the shallow water.
Your magical contamination has completely faded away.
Things that are here:
a +0 robe; a +0 dagger You see here a +0 flail.
Things that are here:
a +0 war axe; an orc corpse An ufetubus comes into view.
The iguana hisses angrily.
Something bites the bush but does no damage.
The ufetubus hits you. The ufetubus completely misses you.
The ufetubus barely misses you. The ufetubus misses you.
The iguana attacks as you move away! The iguana barely misses you.
Something bites the bush but does no damage.
The ufetubus closely misses you. x2
An adder comes into view.
There is a stone staircase leading up here.
The ufetubus hits you.
* * * LOW HITPOINT WARNING * * *
The ufetubus barely misses you. The iguana bites you.
* * * LOW HITPOINT WARNING * * *
The ufetubus hits you.
* * * LOW HITPOINT WARNING * * *
The ufetubus barely misses you.
You climb upwards.
There is a stone staircase leading down here.
Unknown command.
Casting: Sandblast (safe; 1% risk of failure)
Confirm with . or Enter, or press ? or * to list all spells.
Okay, then.
The ufetubus attacks as you move away! The ufetubus hits you.
* * * LOW HITPOINT WARNING * * *
The ufetubus hits you.
* * * LOW HITPOINT WARNING * * *
The iguana attacks as you move away! The iguana bites you.
You die...

##.....# #.# #..###...###
##..)..## #.### #...........
........# #...## #####....###
.#......#######.#.≈##########.#
................#≈........≈≈#.#
.##.###.#######...≈.≈.≈.≈._≈#.#
....#.....# ###≈........≈≈#.#
....#.###.#######l≈##########.#
.##...# #.......@5......#####.#
.####.###.#........####...#...#
#####.....#.######.# ###.#.###
##.########.# #.# #...#
.#.#....# #.# ##.## ##.##
##_##.### #.# ##...## #.#
........# #.# ##.....## #.#
......#^# #.# #.......####.#
.......8# #.# #............#


You could see an iguana and an ufetubus.

Vanquished Creatures
  Pargi (Sewer)
  A phantom (D:4)
  A scorpion (D:3)
  2 orc wizards (D:4)
  2 river rats (D:3)
  7 adders
  A gnoll (D:3)
  6 worms
  6 orcs
  7 endoplasms
  3 giant cockroaches
  5 goblins
  4 hobgoblins
  3 jackals
  A quokka (D:2)
  6 ball pythons
  7 bats
  A frilled lizard (D:1)
  4 kobolds
  11 rats
79 creatures vanquished.

Notes
Turn   | Place    | Note
-------+----------+-------------------------------------------
     0 | D:1      | Vomitron the Octopode Earth Elementalist began the quest
                  | for the Orb.
     0 | D:1      | Reached XP level 1. HP: 11/11 MP: 3/3
    16 | D:1      | You fall into a shaft and drop 1 floor!
   325 | D:1      | Reached XP level 2. HP: 17/17 MP: 3/5
   614 | D:1      | Found Gulon's Jewellery Boutique.
  1064 | D:2      | Reached XP level 3. HP: 21/21 MP: 2/6
  1734 | D:3      | Learned a level 3 spell: Stone Arrow
  1761 | D:3      | Noticed a scorpion
  1768 | D:3      | Reached XP level 4. HP: 27/27 MP: 4/7
  1852 | D:3      | Found a sacrificial altar of Ru.
  1986 | D:3      | Reached skill level 1 in Conjurations
  1986 | D:3      | Reached XP level 5. HP: 17/31 MP: 4/8
  2001 | D:3      | Found a glowing drain.
  2040 | Sewer    | Entered a sewer
  2084 | Sewer    | Noticed Pargi
  2101 | Sewer    | Killed Pargi
  2382 | D:3      | Reached XP level 6. HP: 36/36 MP: 8/10
  2407 | D:3      | Found Kurytigg's Book Shop.
  2838 | D:3      | Reached skill level 5 in Earth Magic
  3002 | D:3      | Found a faded altar of an unknown god.
  3395 | D:4      | Reached skill level 5 in Stealth
  3395 | D:4      | Reached skill level 1 in Shields
  3395 | D:4      | Reached XP level 7. HP: 11/41 MP: 2/12
  3415 | D:3      | HP: 2/41 [ufetubus (3)]
  3415 | D:3      | Slain by an iguana

Illustrated notes

Levels and vault maps discovered:
D:1:      lemuel_arrival_river_bridge, layout_basic, serial_shops,
          nicolae_shop_crystal, dreamdust_wishing_well, minivault_14
D:2:      layout_basic
D:3:      layout_loops_ring, nicolae_ru_path_of_blood, serial_shops, shop,
          lightli_sewer_entry_pipes, shapermc_ecumenical_altar_mp_highgroup,
          serial_bayou_pond_a, st_stairs_3, minmay_between
D:4:      layout_rooms, minmay_hedge_maze, st_stairs_12,
          chequers_serial_rivers_large_a, minmay_bent

Skill      XL: |  1  2  3  4  5  6 |
---------------+-------------------+-----
Stealth        | 3 4 5 |  5.2
Earth Magic    | 4 5 |  5.1
Conjurations   | 1 2 |  2.4
Spellcasting   | 3 |  3.4
Shields        | 1 |  1.0
Dodging        | |  2.5
Transmutations | |  1.0

Action                     |  1- 3 |  4- 6 |  7- 9 || total
---------------------------+-------+-------+-------++-------
  Melee: Dagger            |     4 |    10 |       ||    14
         Constrict         |     2 |     4 |       ||     6
         Falchion          |       |    25 |       ||    25
         Tentacles         |       |    11 |       ||    11
   Cast: Sandblast         |    48 |    58 |       ||   106
         Stone Arrow       |       |     3 |       ||     3
    Use: Scroll            |     1 |    10 |       ||    11
         Potion            |       |     2 |       ||     2
   Stab: Sleeping          |       |     4 |       ||     4
 Armour: Skin              |     6 |     4 |       ||    10
  Dodge: Dodged            |    12 |    56 |     8 ||    76

Table legend: (Time is in decaauts)
 A = Elapsed time spent in this place.
 B = Non-inter-level travel time spent in this place.
 C = Inter-level travel time spent in this place.
 D = Time resting spent in this place.
 E = Time spent auto-exploring this place.
 F = Levels seen in this place.
 G = Mean time per level.
                   A        B        C        D        E       F      G
               +--------+--------+--------+--------+--------+-----+--------+
         Total |   3471 |   3317 |    154 |    175 |   2276 |   5 |  694.2 |
       Dungeon |   3246 |   3092 |    154 |    164 |   2121 |   4 |  811.5 |
         Sewer |    224 |    224 |      0 |     11 |    155 |   1 |  224.0 |
               +--------+--------+--------+--------+--------+-----+--------+

Top non-repeatable levels by time:
     D:3: 1223 daAuts
     D:2: 1007 daAuts
     D:1: 743 daAuts
     D:4: 273 daAuts
   Sewer: 224 daAuts
